 Dungeon Crawl Stone Soup version 0.28-a0-793-g31680bbd8b (webtiles) character file.

Game seed: 16880146540536973681

249 cheechan the Cudgeller (level 6, -2/57 HPs)
             Began as a Naga Chaos Knight on Nov 3, 2021.
             Was a Plaything of Xom.
             Slain by an orc (5 damage)
             ... on level 3 of the Dungeon.
             The game lasted 00:10:57 (2568 turns).

cheechan the Cudgeller (Naga Chaos Knight)          Turns: 2568, Time: 00:10:58

Health: -2/57      AC: 11    Str: 17    XL:     6   Next: 12%
Magic:  15/15      EV:  0    Int: 12    God:    Xom [*.....]
Gold:   136        SH:  0    Dex:  8    Spells: 5/5 levels left

rFire   . . .      SeeInvis +   a - +0 mace (chaos)
rCold   . . .      Faith    .   (no shield)
rNeg    . . .      Spirit   .   g - +0 crystal plate armour
rPois   +          Reflect  .   (no helmet)
rElec   .          Harm     .   i - scarf {repulsion}
rCorr   .          Rampage  .   (no gloves)
Will    .....                   (no barding)
Stlth   ..........              (no amulet)
HPRegen 0.19/turn               f - ring of magical power
MPRegen 0.14/turn               (no ring)

@: repel missiles, very slow
A: AC +2, large, see invisible, deformed body, poison resistance, slowness 2,
spit poison 1, naga tail 1, clumsy 1, sense surroundings 1
a: Spit Poison, Renounce Religion


You were on level 3 of the Dungeon.
You worshipped Xom.
You were a special plaything of Xom.
You visited 1 branch of the dungeon, and saw 3 of its levels.

You collected 136 gold pieces.

Inventory:

Hand Weapons
 a - a +0 mace of chaos (weapon)
 k - a +0 war axe
Missiles
 h - 4 atropa-tipped darts
 j - 26 arrows
 m - 13 sling bullets
 n - 6 poisoned darts
Armour
 b - a +3 leather armour
 g - a +0 crystal plate armour (worn)
 i - a scarf of repulsion (worn)
Jewellery
 f - a ring of magical power (left hand)
Scrolls
 l - a scroll of magic mapping
Potions
 e - 2 potions of mutation {unknown}


   Skills:
 + Level 3.9 Fighting
 + Level 4.1 Maces & Flails
 + Level 3.9 Armour
 + Level 1.0 Dodging
 + Level 0.1 Stealth


You had 5 spell levels left.
You didn't know any spells.
Your spell library was empty.

Dungeon Overview and Level Annotations

Branches:
Dungeon (3/15)

Altars:
Nemelex Xobeh


Innate Abilities, Weirdness & Mutations

Your serpentine skin is tough. (AC +2)
You have supernaturally acute eyesight. (SInv)
Armour fits poorly on your strangely shaped body.
Your system is resistant to poisons. (rPois)
You cover ground very slowly.
You can spit poison.
You have a snake-like lower body.
You are clumsy. (Dex -2)
You passively map a small area around you.


Message History

You hit the orc priest.
The orc priest is moderately wounded.
The orc hits you but does no damage.
The orc priest invokes the aid of Beogh against you.
Beogh smites you!
* * * LOW HITPOINT WARNING * * *
The orc hits you but does no damage. x2
The orc hits you from afar with a +0 trident.
* * * LOW HITPOINT WARNING * * *
You barely miss the orc priest.
The orc priest is moderately wounded.
The orc priest hits you with a +0 short sword.
* * * LOW HITPOINT WARNING * * *
The orc hits you but does no damage. x3
You hit the orc priest.
The orc priest seems to speed up.
The orc priest is moderately wounded.
The orc priest hits you but does no damage.
The orc hits you with a +0 whip.
* * * LOW HITPOINT WARNING * * *
The orc hits you but does no damage.
The orc priest hits you with a +0 short sword.
* * * LOW HITPOINT WARNING * * *
The orc hits you but does no damage.
You feel better.
The orc priest hits you with a +0 short sword.
* * * LOW HITPOINT WARNING * * *
The orc hits you but does no damage. The orc hits you with a +0 club.
* * * LOW HITPOINT WARNING * * *
The orc hits you but does no damage.
The orc priest hits you but does no damage.
You closely miss the orc priest.
The orc priest is moderately wounded.
The orc hits you with a +0 whip.
* * * LOW HITPOINT WARNING * * *
The orc priest hits you but does no damage.
The orc hits you with a +0 club.
* * * LOW HITPOINT WARNING * * *
The orc hits you from afar with a +0 trident.
You die...
Xom laughs nastily!

#......... ...........#
#......... *
...........# #.........
...........####.........
*
..............#.........
?.............#........)
.....................).)
*
.....oooo.....###....###
* *
.......@......###....###
...>....................
###########...###......#
#...# ##.....#
#.....,#.....#
#......#.....#
#......#.....#
#......#.....#
#......#.....#


You could see an orc priest (fast) and 3 orcs.

Vanquished Creatures
  2 orc priests (D:3)
  An orc wizard (D:3)
  Natasha (D:3)
  An iguana (D:3)
  6 adders
  4 dart slugs
  7 orcs (D:3)
  2 endoplasms (D:2)
  5 goblins
  5 hobgoblins
  A jackal (D:1)
  5 kobolds
  A quokka (D:1)
  4 ball pythons
  4 bats
  A frilled lizard (D:3)
  6 rats
56 creatures vanquished.

Notes
Turn   | Place    | Note
-------+----------+-------------------------------------------
     0 | D:1      | cheechan the Naga Chaos Knight began the quest for the Orb.
     0 | D:1      | Reached XP level 1. HP: 21/21 MP: 1/1
    33 | D:1      | Found a faded altar of an unknown god.
    56 | D:1      | XOM: silly message
   240 | D:1      | Reached XP level 2. HP: 16/28 MP: 2/2
   324 | D:1      | XOM: silly message
   501 | D:1      | XOM: noise
   525 | D:1      | XOM: 1-stop teleportation journey
   598 | D:1      | XOM: 8-stop teleportation journey
   665 | D:1      | You fall into a shaft and drop 1 floor!
   669 | D:2      | XOM: 2-stop teleportation journey
   767 | D:2      | XOM: give mutations
   767 | D:2      | Gained mutation: You passively map a small area around you.
                  | [Xom's mischief]
   767 | D:2      | Gained mutation: You are clumsy. (Dex -2) [Xom's mischief]
  1084 | D:1      | Reached XP level 3. HP: 21/34 MP: 3/3
  1206 | D:1      | XOM: draining
  1849 | D:2      | Found a sparkling altar of Nemelex Xobeh.
  1919 | D:2      | Reached XP level 4. HP: 30/41 MP: 4/4
  2120 | D:3      | XOM: smoke on damage
  2122 | D:3      | Reached skill level 1 in Dodging
  2154 | D:3      | XOM: scenery: summon butterflies
  2176 | D:3      | Reached XP level 5. HP: 36/49 MP: 5/5
  2553 | D:3      | Noticed Natasha
  2559 | D:3      | Killed Natasha
  2560 | D:3      | Reached skill level 4 in Maces & Flails
  2562 | D:3      | Reached XP level 6. HP: 5/57 MP: 6/6
  2566 | D:3      | HP: 2/57 [orc priest (5)]
  2568 | D:3      | Slain by an orc

Illustrated notes

Levels and vault maps discovered:
D:1:      lightli_arrival_statuegarden, layout_loops_corners,
          basic_ecumenical_altar, minmay_split_cup_small
D:2:      layout_loops_corners, basic_altar, fountainhead
D:3:      layout_basic, uniq_natasha, uniq_jessica

Skill      XL: |  1  2  3  4  5 |
---------------+----------------+-----
Armour         | 2 3 |  3.9
Dodging        | 1 |  1.0
Maces & Flails | 4 |  4.1
Fighting       | |  3.9
Stealth        | |  0.1

Action                   |  1- 3 |  4- 6 || total
-------------------------+-------+-------++-------
Melee: Mace              |    98 |   109 ||   207
 Abil: Spit Poison       |     6 |     3 ||     9
  Use: Scroll            |     5 |     1 ||     6
       Potion            |       |     4 ||     4
Armor: Leather armour    |    69 |       ||    69
       Crystal plate arm |    36 |   195 ||   231
Dodge: Dodged            |    64 |    10 ||    74

Table legend: (Time is in decaauts)
 A = Elapsed time spent in this place.
 B = Non-inter-level travel time spent in this place.
 C = Inter-level travel time spent in this place.
 D = Time resting spent in this place.
 E = Time spent auto-exploring this place.
 F = Levels seen in this place.
 G = Mean time per level.
                   A        B        C        D        E       F      G
               +--------+--------+--------+--------+--------+-----+--------+
         Total |   3438 |   3438 |      0 |    208 |      0 |   3 | 1146.0 |
       Dungeon |   3438 |   3438 |      0 |    208 |      0 |   3 | 1146.0 |
               +--------+--------+--------+--------+--------+-----+--------+

Top non-repeatable levels by time:
     D:1: 1554 daAuts
     D:2: 1241 daAuts
     D:3: 642 daAuts
